 Dungeon Crawl Stone Soup version 0.27-a0-1228-gfd60fd639a (webtiles) character file.

Game seed: 8604219431575818601

171 bilbop the Ruffian (level 5, -5/53 HPs)
             Began as a Troll Berserker on June 7, 2021.
             Was a Believer of Trog.
             Killed from afar by Ijyb (22 damage)
             ... with a bolt of acid
             ... on level 3 of the Dungeon.
             The game lasted 00:04:43 (1990 turns).

bilbop the Ruffian (Troll Berserker)                Turns: 1990, Time: 00:04:43

Health: -5/53      AC:  4    Str: 31    XL:     5   Next: 26%
Magic:  5/5        EV: 10    Int:  4    God:    Trog [**....]
Gold:   82         SH:  0    Dex:  9    Spells: 4/4 levels left

rFire    . . .     SeeInvis +     - Unarmed
rCold    . . .     Faith    .   (no shield)
rNeg     . . .     Spirit   .   a - +0 animal skin
rPois    .         Reflect  .   (helmet restricted)
rElec    .         Harm     .   (no cloak)
rCorr    .         Rampage  .   (gloves unavailable)
Will     .....                  (boots unavailable)
Stlth    +.........             (no amulet)
HPRegen  1.17/turn              h - +6 ring of strength
MPRegen  0.09/turn              l - ring of see invisible

@: no status effects
A: large, unfitting armour, claws 3, regeneration 1, shaggy fur 1, tough skin 1
a: Renounce Religion, Berserk, Trog's Hand


You were on level 3 of the Dungeon.
You worshipped Trog.
Trog was pleased with you.
You visited 1 branch of the dungeon, and saw 3 of its levels.

You collected 82 gold pieces.

Inventory:

Hand Weapons
 b - a +0 hunting sling
 f - a +0 whip
Missiles
 g - 14 sling bullets
Armour
 a - a +0 animal skin (worn)
Jewellery
 h - a +6 ring of strength (left claw)
 l - a ring of see invisible (right claw)
Scrolls
 c - a scroll of fog {unknown}
 e - a scroll of immolation {unknown}
 j - 2 scrolls of brand weapon {unknown}
Potions
 d - a potion of might {unknown}
 i - a potion of curing {unknown}
 k - 3 potions of ambrosia {unknown}
 m - 2 potions of flight {unknown}
 n - a potion of attraction {unknown}


   Skills:
 + Level 3.4 Fighting
 - Level 2.4 Dodging
 + Level 4.2 Unarmed Combat
 + Level 2.4 Invocations


You had 4 spell levels left.
You didn't know any spells.
Your spell library was empty.

Dungeon Overview and Level Annotations

Branches:
Dungeon (3/15)

Altars:

Shops:
D:3 !

Annotations:
D:3 Ijyb


Innate Abilities, Weirdness & Mutations

You are too large for most types of armour.
You have claws for hands.
Your natural rate of healing is unusually fast.
You are covered in fur. (AC +1)
You have tough skin. (AC +1)


Message History

The hobgoblin closely misses you.
You claw the hobgoblin!
You kill the hobgoblin!
Trog accepts your kill.
No target in view!
No target in view!
A kobold comes into view. It is wielding a +0 dagger.
The kobold shouts!
You see here a glowing brown potion.
An endoplasm comes into view.
The kobold hits you but does no damage.
You barely miss the kobold. The kobold barely misses you.
You closely miss the kobold.
Ijyb the Twisted Goblin comes into view.
She is wielding a +0 dagger and carrying a wand of acid (10).
The kobold hits you but does no damage.
You barely miss the kobold.
Ijyb shouts!
The kobold completely misses you.
The endoplasm quivers.
You scratch the kobold.
The kobold is heavily wounded.
The kobold closely misses you.
You closely miss the kobold.
The kobold is heavily wounded.
Ijyb zaps a wand.
The bolt of acid hits the kobold!!
The kobold is splashed with acid!
The acid corrodes the kobold!
The kobold dies!
The bolt of acid hits you!
You are splashed with acid!
Ijyb zaps a wand.
The bolt of acid hits you.
You are splashed with acid!
You see here a +0 dagger.
You are too injured to fight recklessly!
You are too injured to fight recklessly!
You are too injured to fight recklessly!
You are too injured to fight recklessly!
You are too injured to fight recklessly!
Ijyb hits you with a +0 dagger.
You barely miss Ijyb. The endoplasm freezes you.
You are frozen.
Ijyb zaps a wand.
The bolt of acid hits you!!
You die...

#)................##.###.
##......†...##.....#..###.
#..<........##............
#...........##............
#........!..##......#####.
#.#######.####.......####.
#. #.# ....... #. #)#
....... #. #@# ......#
#Jg...... .......
#..###... #...... #...
....... ..#.. .......
####.. ...... ... .#....
.... #.... ##...


You could see Ijyb and an endoplasm.

Vanquished Creatures
  Natasha (thrice) (D:2)
  Terence (D:3)
  2 adders (D:3)
  A worm (D:3)
  A dart slug (D:2)
  2 orcs
  An endoplasm (D:3)
  3 goblins (D:2)
  5 hobgoblins
  6 jackals
  3 kobolds (D:1)
  5 quokkas
  4 ball pythons
  2 bats
  3 frilled lizards
  6 rats
48 creatures vanquished.

Vanquished Creatures (others)
  A kobold (D:3)
1 creature vanquished.

Grand Total: 49 creatures vanquished

Notes
Turn   | Place    | Note
-------+----------+-------------------------------------------
     0 | D:1      | bilbop the Troll Berserker began the quest for the Orb.
     0 | D:1      | Reached XP level 1. HP: 22/22 MP: 0/0
   440 | D:1      | Reached XP level 2. HP: 29/29 MP: 1/1
   699 | D:1      | Reached skill level 1 in Invocations
   921 | D:2      | Noticed Natasha
   924 | D:2      | Noticed a crimson imp
   936 | D:2      | Killed Natasha
   937 | D:2      | Reached XP level 3. HP: 31/36 MP: 1/3
   970 | D:2      | Reached ** piety under Trog
   985 | D:2      | Noticed Natasha
   992 | D:2      | Killed Natasha
   993 | D:2      | Reached XP level 4. HP: 40/45 MP: 4/4
  1056 | D:2      | Found a faded altar of an unknown god.
  1659 | D:2      | Noticed Natasha
  1663 | D:2      | Killed Natasha
  1735 | D:2      | Reached skill level 4 in Unarmed Combat
  1852 | D:3      | Found Rarr's Distillery.
  1905 | D:3      | Reached XP level 5. HP: 44/53 MP: 5/5
  1958 | D:3      | Noticed Terence
  1965 | D:3      | Killed Terence
  1984 | D:3      | Noticed Ijyb
  1990 | D:3      | Killed from afar by Ijyb

Illustrated notes

Levels and vault maps discovered:
D:1:      lightli_arrival_windingriver, layout_basic
D:2:      layout_basic, ebering_ecumenical_altar_box, kennysheep_generic_room_7,
          uniq_natasha
D:3:      layout_rooms, nicolae_overflow_hidden_temple, trog_book, serial_shops,
          shop, shop_fountains, shop, st_stairs_3, uniq_terence, uniq_ijyb

Skill      XL: |  1  2  3  4 |
---------------+-------------+-----
Invocations    | 1 2 |  2.4
Fighting       | 3 |  3.4
Unarmed Combat | 4 |  4.2
Dodging        | |  2.4

Action                   |  1- 3 |  4- 6 || total
-------------------------+-------+-------++-------
Melee: Unarmed           |    53 |    79 ||   132
 Stab: Sleeping          |       |     1 ||     1
Armor: Animal skin       |    19 |    20 ||    39
Dodge: Dodged            |    27 |    32 ||    59

Table legend: (Time is in decaauts)
 A = Elapsed time spent in this place.
 B = Non-inter-level travel time spent in this place.
 C = Inter-level travel time spent in this place.
 D = Time resting spent in this place.
 E = Time spent auto-exploring this place.
 F = Levels seen in this place.
 G = Mean time per level.
                   A        B        C        D        E       F      G
               +--------+--------+--------+--------+--------+-----+--------+
         Total |   2011 |   1947 |     64 |      0 |   1660 |   3 |  670.3 |
       Dungeon |   2011 |   1947 |     64 |      0 |   1660 |   3 |  670.3 |
               +--------+--------+--------+--------+--------+-----+--------+

Top non-repeatable levels by time:
     D:2: 933 daAuts
     D:1: 915 daAuts
     D:3: 163 daAuts
